 Dungeon Crawl Stone Soup version 0.17-a0-1301-ga863c44 (webtiles) character file.

271 HEYYEYAAE the Gusty (level 6, -11/66 HPs)
             Began as a Human Air Elementalist on June 7, 2015.
             Engulfed by a cloud of flame (14 damage)
             ... on level 3 of the Dungeon.
             The game lasted 00:05:09 (2322 turns).

HEYYEYAAE the Gusty (Human Air Elementalist)        Turns: 2322, Time: 00:05:09

Health: -11/66     AC: 23    Str: 13    XL:     6   Next: 47%
Magic:  0/10       EV:  2    Int: 23    God:
Gold:   194        SH:  0    Dex: 18    Spells: 1 memorised, 10 levels left

rFire  + . .     SeeInvis .     j - +0 hand axe
rCold  + . .     Clarity  .     (armour currently unavailable)
rNeg   + + +     SustAt   .     (no shield)
rPois  +         Gourm    .     (helmet currently unavailable)
rElec  +         Spirit   .     (cloak currently unavailable)
rCorr  +         Warding  .     (gloves currently unavailable)
rMut   .         NoTele   +     (boots currently unavailable)
MR     .....                    (no amulet)
Stlth  ++++......               (no ring)
                                (no ring)

@: mighty, brilliant, agile, tree-form (expiring), resistant, very slightly
contaminated, not resistant to hostile enchantments, stealthy
A: no striking features
a: no special abilities


You were on level 3 of the Dungeon.
You were hungry.
You were a tree.
You visited 1 branch of the dungeon, and saw 3 of its levels.

You collected 194 gold pieces.

Inventory:

Hand weapons
 j - a +0 hand axe (weapon)
Armour
 a - a +0 robe (melded)
 c - a +2 helmet (melded)
Jewellery
 x - an uncursed ring of fire
Scrolls
 f - 2 scrolls of remove curse
Books
 b - a book of Air

   Spells                             Type                      Level
   a - Shock                          Conjuration/Air              1
   b - Swiftness                      Charms/Air                   2
   c - Repel Missiles                 Charms/Air                   2
   d - Static Discharge               Conjuration/Air              3
   e - Lightning Bolt                 Conjuration/Air              5
 w - a book of the Tempests

   Spells                             Type                      Level
   a - Static Discharge               Conjuration/Air              3
   b - Lightning Bolt                 Conjuration/Air              5
   c - Fireball                       Conjuration/Fire             5
   d - Tornado                        Air                          9
   e - Shatter                        Earth                        9
Comestibles
 d - 3 meat rations
 p - 2 beef jerkies
 q - a bread ration
 u - a royal jelly


   Skills:
 + Level 1.7 Fighting
 + Level 1.9 Armour
 + Level 2.7 Dodging
 - Level 2.0 Stealth
 * Level 3.0 Spellcasting
 * Level 2.8 Conjurations
 * Level 4.2 Air Magic


You had 10 spell levels left.
You knew the following spells:

 Your Spells              Type           Power        Failure   Level  Hunger
a - Shock                 Conj/Air       ####         1%          1    None


Dungeon Overview and Level Annotations

Branches:
Dungeon (3/15)

Altars:
Fedhas
Makhleb
Qazlal
Trog

Annotations:
D:2 exclusion: oklob plant


Message History

You can move again.
Unknown command.
You closely miss Grinder.
Grinder is almost dead.
Grinder hits you but does no damage. Grinder completely misses you.
You slash Grinder!
Grinder explodes!
The fiery explosion engulfs you! You resist.
* * * LOW HITPOINT WARNING * * *
Your Spellcasting skill increases to level 3!
Your Conjurations skill increases to level 2!
Your Air Magic skill increases to level 4!
You have reached level 5!
You have reached level 6!
Your experience leads to an increase in your attributes!
Your base attributes are Str 8, Int 17, Dex 13.
Increase (S)trength, (I)ntelligence, or (D)exterity?
You feel clever.
You are engulfed in roaring flames.
You resist.
You die...

##_..[.((.....#
#...#
***##..≈≈≈##.....#
#...#
*,,##.≈[[.########
#...# *,*###...##
##.## *,*#.#####
##########.#
*,*#....#*
#..........#
*,**##...#*
#.##########
*,*##....§####.#
*,,......§§♣...#
***##....§######
##...#* ##.#* ##*


There were no monsters in sight!

Vanquished Creatures
  Grinder (D:3)
  2 adders (D:2)
  An ooze (D:1)
  A worm (D:2)
  6 bats
  3 giant cockroaches
  5 goblins
  11 hobgoblins
  4 giant geckos
  3 giant newts
  11 kobolds
  6 rats
54 creatures vanquished.

Vanquished Creatures (others)
  4 toadstools (D:1)
4 creatures vanquished.

Grand Total: 58 creatures vanquished

Notes
Turn   | Place    | Note
--------------------------------------------------------------
     0 | D:1      | HEYYEYAAE the Human Air Elementalist began the quest for the Orb.
     0 | D:1      | Reached XP level 1. HP: 13/13 MP: 3/3
   204 | D:1      | Reached XP level 2. HP: 5/19 MP: 0/5
   681 | D:1      | Reached XP level 3. HP: 25/25 MP: 1/6
   691 | D:1      | Reached skill level 1 in Armour
   716 | D:1      | Reached skill level 1 in Fighting
  1162 | D:2      | Found a blossoming altar of Fedhas.
  1185 | D:2      | Noticed an oklob plant
  1449 | D:2      | Reached XP level 4. HP: 32/32 MP: 7/7
  1720 | D:2      | Found a burning altar of Makhleb.
  1959 | D:3      | Found a bloodstained altar of Trog.
  2083 | D:3      | Found a stormy altar of Qazlal.
  2286 | D:3      | Noticed Grinder
  2317 | D:3      | Paralysed by Grinder for 4 turns
  2322 | D:3      | Killed Grinder
  2322 | D:3      | Reached skill level 4 in Air Magic
  2322 | D:3      | Reached XP level 5. HP: 3/38 MP: 0/9
  2322 | D:3      | Reached XP level 6. HP: 3/44 MP: 0/10
  2322 | D:3      | Engulfed by a cloud of flame

Vault maps used:
D:1:      ldierk_walled_garden_2, minmay_tree_intersection,
          kennysheep_pointless_box
D:2:      lightli_temple_of_fire, tgw_fedhas, st_stairs_10
D:3:      nicolae_overflow_hidden_temple, first_bread, trog_hazing_becter,
          uniq_grinder

Action                   |  1- 3 |  4- 6 || total
-------------------------+-------+-------++-------
Melee: Unarmed           |    39 |       ||    39
       Hand axe          |    44 |    42 ||    86
 Cast: Shock             |    59 |    29 ||    88
  Use: Potion            |       |    10 ||    10
       Scroll            |       |     6 ||     6
 Stab: Sleeping          |     1 |     1 ||     2
  Eat: Bread ration      |     1 |       ||     1
       Chunk             |       |     1 ||     1
